 Dungeon Crawl Stone Soup version 0.30.0-5-g1a98f26d00 (webtiles) character file.

Game seed: 14993519782420808210

19160 backslashecho the Severer (level 12, -2/104 HPs)
             Began as a Minotaur Berserker on May 10, 2023.
             Was an Elder of Trog.
             Slain by an eight-headed hydra (5 damage)
             ... on level 4 of the Lair of Beasts.
             The game lasted 00:27:05 (14408 turns).

backslashecho the Severer (Minotaur Berserker)     Turns: 14408, Time: 00:27:05

Health: -2/104     AC: 16    Str: 28    XL:     12   Next: 34%
Magic:  11/11      EV: 13    Int:  7    God:    Trog [****..]
Gold:   644        SH:  0    Dex: 10    Spells: 11/11 levels left

rFire   + . .        a - +0 war axe
rCold   . . .        (no shield)
rNeg    . . .        s - +1 scale mail of Vanity {rPois rF+ Stlth+}
rPois   +            L - +2 hat
rElec   .            (no cloak)
rCorr   +            j - +0 pair of gloves
SInv    .            Q - +2 pair of boots of Kikubaaqudgha's Scorn {Will+ rCorr Int+3 Dex-5}
Will    +....        (no amulet)
Stlth   +            d - +6 ring of dexterity
HPRegen 0.37/turn    e - ring of poison resistance
MPRegen 0.12/turn

%: no passive effects
@: no status effects
A: horns 2, retaliatory headbutt
a: Renounce Religion, Berserk, Trog's Hand, Brothers in Arms


You were on level 4 of the Lair of Beasts.
You worshipped Trog.
Trog was greatly pleased with you.
You visited 3 branches of the dungeon, and saw 16 of its levels.
You also visited: Sewer.

You collected 710 gold pieces.
You spent 66 gold pieces at shops.

Inventory:

Hand Weapons
 a - a +0 war axe (weapon)
 G - the +5 dagger of Perfectionism {venom, rPois rN+++ Int-2 Stlth-}
   (You found it on level 6 of the Dungeon)

   Int:       It affects your intelligence (-2).
   rPois:     It protects you from poison.
   rN:        It renders you almost immune to negative energy.
   Stlth:     It makes you less stealthy.
 P - a +0 dire flail
Missiles
 c - 17 poisoned darts (quivered)
 C - 2 curare-tipped darts
Armour
 j - a +0 pair of gloves (worn)
 s - the +1 scale mail of Vanity (worn) {rPois rF+ Stlth+}
   (You found it on level 3 of the Dungeon)

   rF:        It protects you from fire.
   rPois:     It protects you from poison.
   Stlth:     It makes you more stealthy.
 u - the +0 ice dragon scales "Poanlufe" {rF- rC++ rN+ Will+ Dex-4}
   (You found it on level 4 of the Dungeon)

   Dex:       It affects your dexterity (-4).
   rF:        It makes you vulnerable to fire.
   rC:        It greatly protects you from cold.
   rN:        It protects you from negative energy.
   Will:      It increases your willpower.
 L - a +2 hat (worn)
 Q - the +2 pair of boots of Kikubaaqudgha's Scorn (worn) {Will+ rCorr Int+3 Dex-5}
   (You found it on level 10 of the Dungeon)

   Int:       It affects your intelligence (+3).
   Dex:       It affects your dexterity (-5).
   rCorr:     It protects you from acid and corrosion.
   Will:      It increases your willpower.
Jewellery
 d - a +6 ring of dexterity (left hand)
 e - a ring of poison resistance (right hand)
 z - the ring "Siyz" {Wiz rC+++ Int+3 Slay-6 Stlth+}
   (You found it on level 4 of the Dungeon)

   [ring of wizardry]

   It improves your spell success rate.
   Int:       It affects your intelligence (+3).
   Slay:      It affects your accuracy & damage with ranged weapons and melee
   (-6).
   rC:        It renders you almost immune to cold.
   Stlth:     It makes you more stealthy.
Wands
 m - a wand of flame (15)
 t - a wand of roots (3)
 N - a wand of polymorph (3)
Scrolls
 b - 3 scrolls of vulnerability {unknown}
 g - 3 scrolls of noise {unknown}
 h - 7 scrolls of teleportation {unknown}
 i - 3 scrolls of poison {unknown}
 k - 13 scrolls of identify {unknown}
 l - a scroll of fear {unknown}
 q - 2 scrolls of immolation {unknown}
 v - 3 scrolls of fog {unknown}
 y - 5 scrolls of amnesia {unknown}
 B - 2 scrolls of torment {unknown}
 F - a scroll of silence {unknown}
 H - 3 scrolls of blinking {unknown}
 I - 3 scrolls of enchant weapon {unknown}
 K - 2 scrolls of enchant armour {unknown}
 O - 2 scrolls of magic mapping {unknown}
Potions
 f - 3 potions of magic {unknown}
 n - 6 potions of heal wounds
 o - 2 potions of brilliance {unknown}
 p - 3 potions of invisibility
 r - 3 potions of flight {unknown}
 w - 4 potions of lignification {unknown}
 x - 3 potions of haste {unknown}
 A - 4 potions of might {unknown}
 D - a potion of resistance
 E - 2 potions of cancellation {unknown}
 J - 2 potions of mutation {unknown}
 M - 2 potions of curing {unknown}


   Skills:
 - Level 9.0 Fighting
 * Level 17.5 Axes
 - Level 9.0 Armour
 + Level 7.8 Dodging
 - Level 1.0 Unarmed Combat
 + Level 7.2 Evocations


You had 11 spell levels left.
You didn't know any spells.
Your spell library was empty.

Dungeon Overview and Level Annotations

Branches:
Dungeon (11/15)            Temple (1/1) D:4            Lair (3/5) D:8
    Orc (0/2) D:9           Sewer (visited)
  Swamp: Lair:2-3    Shoals: Lair:2-3     Snake: Lair:2-3    Spider: Lair:2-3

Altars:
Ashenzari
Cheibriados
Dithmenos
Elyvilon
Fedhas
Hepliaklqana
Kikubaaqudgha
Makhleb
Ru
Wu Jian
Xom
Zin
The Shining One

Shops:
D:1 !   D:5 (!

Portals:
Gauntlet: Lair:3

Annotations:
D:8 3 runed translucent doors, platinum's ghost, novice FoFi
Temple 2 transporters


Innate Abilities, Weirdness & Mutations

You have a pair of horns on your head.
You reflexively headbutt those who attack you in melee.


Message History

* * * LOW HITPOINT WARNING * * *
You take 17 damage, and have 10/104 hp.
You hit the komodo dragon.
You kill the komodo dragon!
Trog accepts your kill.
Things that are here:
a polar bear corpse; a black mamba corpse You regained 2 hp, and now have 15/104 hp.
You regained 2 hp, and now have 18/104 hp.
You regained 2 hp, and now have 22/104 hp.
Aiming: Fastroot
Press: ? - help, Shift-Dir - straight line, f - eight-headed hydra
Aim: an eight-headed hydra The roots erupt in riotous growth!
Roots grab the eight-headed hydra.
The grasping roots constrict the eight-headed hydra!
You hear a bleat! x3; You hear a bellow!
The eight-headed hydra struggles to escape constriction.
A dream sheep comes into view.
The grasping roots constrict the eight-headed hydra!
The roots release their grip on the eight-headed hydra.
A dream sheep comes into view.
You regained 2 hp, and now have 26/104 hp.
Unknown command.
You feel the effects of Trog's Hand fading.
A dream sheep comes into view.
The dream sheep shake their wool and sparkle.
You feel drowsy...
You fall asleep.
A dream sheep comes into view.
The eight-headed hydra bites you but does no damage.
The eight-headed hydra bites you!
You wake up.
* * * LOW HITPOINT WARNING * * *
The eight-headed hydra bites you but does no damage.
The eight-headed hydra bites you!
* * * LOW HITPOINT WARNING * * *
The eight-headed hydra barely misses you.
The eight-headed hydra bites you.
* * * LOW HITPOINT WARNING * * *
The eight-headed hydra closely misses you. x2
You take 20 damage, and have 7/104 hp.
Unknown command.
Your skin stops crawling.
You feel less strong-willed.
The eight-headed hydra attacks as you move away!
The eight-headed hydra bites you.
* * * LOW HITPOINT WARNING * * *
The eight-headed hydra barely misses you.
The eight-headed hydra bites you but does no damage. x2
The eight-headed hydra barely misses you.
The eight-headed hydra misses you. The eight-headed hydra bites you.
You die...

..# #.#...... .#
#........
##........
#.........
#..#......
##.P......
#...P.....
###D..Y..P..
#.@Y..Y.....
........#..#Y....
..P.#.##..###....
P.# ## ... #... .
.... ... ....
..... P.....


You could see an eight-headed hydra and 4 dream sheep.

Vanquished Creatures
  Gastronok (D:9)
  4 two-headed ogres
  2 skysharks (Lair:3)
  An oklob plant (D:10)
  An ugly thing (D:11)
  2 cyclopes (D:11)
  Joseph (D:9)
  2 black mambas
  3 cane toads
  A gargoyle (D:10)
  2 unseen horrors (D:11)
  3 komodo dragons
  A rime drake (Lair:3)
  A kobold demonologist (D:11)
  2 polar bears
  3 hornets
  Sigmund (D:4)
  10 yaks
  A shadow (D:9)
  A wyvern (D:7)
  Grum (D:8)
  Eustachio (D:4)
  2 steam dragons (D:6)
  3 vampire mosquitoes (D:10)
  An acid dragon (D:6)
  3 water moccasins
  A sky beast (D:8)
  3 orc warriors
  A black bear (D:8)
  4 wolves (D:8)
  5 centaurs
  2 ogres
  8 kobold brigands
  7 bullfrogs
  2 gnoll sergeants
  2 scorpions
  4 wights (D:10)
  17 killer bees
  4 howler monkeys
  4 electric eels (Lair:1)
  6 orc priests
  6 jellies
  2 hounds
  12 orc wizards
  Natasha (twice) (D:2)
  5 iguanas
  7 gnolls
  6 adders
  A river rat (D:6)
  A shadow imp (D:8)
  3 white imps
  An ufetubus (D:6)
  A worm (D:2)
  A dart slug (D:2)
  36 orcs
  21 endoplasms
  4 giant cockroaches
  11 goblins
  10 hobgoblins
  7 jackals (D:1)
  2 quokkas
  11 ball pythons
  4 bats
  3 frilled lizards
  31 kobolds
  8 rats
320 creatures vanquished.

Notes
Turn   | Place    | Note
-------+----------+-------------------------------------------
     0 | D:1      | backslashecho the Minotaur Berserker began the quest for
                  | the Orb.
     0 | D:1      | Reached XP level 1. HP: 19/19 MP: 0/0
   194 | D:1      | Reached XP level 2. HP: 27/27 MP: 1/1
   207 | D:1      | Reached skill level 4 in Axes
   329 | D:1      | Reached skill level 1 in Unarmed Combat
   527 | D:1      | Found Weyth's Distillery.
   536 | D:1      | Bought a potion of degeneration for 14 gold pieces
   583 | D:1      | Reached XP level 3. HP: 33/33 MP: 2/2
   943 | D:2      | Reached ** piety under Trog
  1090 | D:2      | Noticed Natasha
  1101 | D:2      | Killed Natasha
  1102 | D:2      | Reached XP level 4. HP: 17/40 MP: 3/3
  1253 | D:2      | Reached skill level 5 in Axes
  1393 | D:2      | Noticed Natasha
  1402 | D:2      | Killed Natasha
  1704 | D:3      | Found a faded altar of an unknown god.
  1806 | D:3      | Reached XP level 5. HP: 47/47 MP: 4/4
  2072 | D:3      | Reached skill level 5 in Fighting
  2072 | D:3      | Reached skill level 6 in Axes
  2079 | D:3      | Reached XP level 6. HP: 24/56 MP: 5/5
  2475 | D:3      | Found a shadowy altar of Dithmenos.
  2573 | D:3      | Identified the +1 scale mail of Vanity {rPois rF+ Stlth+}
  2960 | D:4      | Noticed Eustachio
  2972 | D:4      | Killed Eustachio
  2990 | D:4      | Noticed Sigmund
  3002 | D:4      | Reached skill level 7 in Axes
  3002 | D:4      | Reached XP level 7. HP: 61/61 MP: 6/6
  3005 | D:4      | Killed Sigmund
  3006 | D:4      | Reached skill level 5 in Armour
  3060 | D:4      | Identified the +0 ice dragon scales "Poanlufe" {rF- rC++
                  | rN+ Will+ Dex-4}
  3439 | D:4      | Found a staircase to the Ecumenical Temple.
  3543 | D:4      | Identified the ring "Siyz" {Wiz rC+++ Int+3 Slay-6 Stlth+}
  3662 | D:5      | Entered Level 5 of the Dungeon
  3730 | Temple   | Entered the Ecumenical Temple
  3730 | Temple   | Found a transporter.
  3730 | Temple   | Found a transporter.
  3745 | D:5      | Found Ateloloa's Weapon Boutique.
  3765 | D:5      | Reached skill level 8 in Axes
  4099 | D:5      | Found an ornate altar of the Wu Jian Council.
  4223 | D:5      | Found Empax's Distillery.
  4389 | D:5      | Reached XP level 8. HP: 59/71 MP: 7/7
  4440 | D:5      | Reached *** piety under Trog
  4951 | D:6      | Reached skill level 9 in Axes
  5005 | D:6      | Found a glowing drain.
  5036 | Sewer    | Entered a sewer
  5341 | Sewer    | Reached skill level 10 in Axes
  5519 | D:6      | Reached XP level 9. HP: 68/81 MP: 8/8
  5686 | D:6      | Identified the +5 dagger of Perfectionism {venom, rPois
                  | rN+++ Int-2 Stlth-}
  5901 | D:5      | Bought a +0 war axe for 52 gold pieces
  5966 | D:7      | Reached skill level 11 in Axes
  6083 | D:7      | Noticed a troll
  6083 | D:7      | Noticed a boulder beetle
  6126 | D:7      | Reached **** piety under Trog
  6846 | D:8      | Reached skill level 12 in Axes
  7114 | D:8      | Found a runed translucent gate.
  7115 | D:8      | Found a runed translucent gate.
  7116 | D:8      | Found a runed translucent gate.
  7117 | D:8      | Noticed platinum's ghost (novice FoFi)
  7194 | D:8      | Reached skill level 1 in Evocations
  7230 | D:8      | Noticed Grum
  7254 | D:8      | Killed Grum
  7255 | D:8      | Reached XP level 10. HP: 72/91 MP: 9/9
  7604 | D:8      | Found a staircase to the Lair.
  7836 | D:9      | Reached skill level 13 in Axes
  7984 | D:9      | Noticed a two-headed ogre
  7993 | D:9      | Killed a two-headed ogre
  8107 | D:9      | Noticed Joseph
  8120 | D:9      | Killed Joseph
  8300 | D:9      | Noticed Gastronok
  8317 | D:9      | Killed Gastronok
  8318 | D:9      | Reached skill level 14 in Axes
  8670 | D:9      | Found a staircase to the Orcish Mines.
  8726 | D:9      | Found a shimmering altar of Xom.
  8844 | D:10     | Entered Level 10 of the Dungeon
  8945 | D:10     | Found a broken altar of Ashenzari.
  8965 | D:10     | Found a snail-covered altar of Cheibriados.
  9083 | D:10     | Reached XP level 11. HP: 87/97 MP: 10/10
  9295 | D:10     | Noticed a two-headed ogre
  9316 | D:10     | Killed a two-headed ogre
  9317 | D:10     | Reached skill level 15 in Axes
  9317 | D:10     | Reached skill level 5 in Evocations
  9398 | D:10     | Noticed a two-headed ogre
  9404 | D:10     | Killed a two-headed ogre
  9405 | D:10     | Reached skill level 5 in Dodging
  9764 | D:10     | Noticed an oklob plant
  9892 | D:10     | Killed an oklob plant
 10110 | D:10     | Identified the +2 pair of boots of Kikubaaqudgha's Scorn
                  | {Will+ rCorr Int+3 Dex-5}
 10588 | D:11     | Noticed a cyan ugly thing
 10608 | D:11     | Killed a purple ugly thing
 10782 | D:11     | Noticed a two-headed ogre
 10788 | D:11     | Killed a two-headed ogre
 10789 | D:11     | Reached skill level 16 in Axes
 11744 | Lair:1   | Entered Level 1 of the Lair of Beasts
 12928 | Lair:1   | Reached XP level 12. HP: 84/104 MP: 11/11
 13671 | Lair:2   | Reached skill level 17 in Axes
 14344 | Lair:3   | Found a gate leading to a gauntlet.
 14347 | Lair:3   | You fall into a shaft and drop 1 floor!
 14383 | Lair:4   | Noticed an eight-headed hydra
 14408 | Lair:4   | HP: 3/104 [eight-headed hydra (4)]
 14408 | Lair:4   | Slain by an eight-headed hydra

Illustrated notes

Levels and vault maps discovered:
D:1:      amcnicky_arrival_choice, layout_basic, serial_shops,
          nicolae_lakefront_shop, fountainhead
D:2:      minmay_skewed_foursquare, layout_basic, kennysheep_potato,
          uniq_natasha
D:3:      layout_loops_ring, mainiacjoe_overflow_24_doors,
          nicolae_ecumenical_oubliette, minivault_14
D:4:      layout_cave_pools, minmay_temple_entry_statues_fountains,
          uniq_eustachio, uniq_sigmund
D:5:      layout_basic, nicolae_wu_jian_glorious_leap, serial_rivers,
          chequers_serial_rivers_micro_b, chequers_serial_rivers_small_a,
          chequers_serial_rivers_marsh, chequers_serial_rivers_micro_c,
          chequers_serial_rivers_micro_a, chequers_serial_rivers_micro_a,
          serial_shops, shop, nicolae_take_the_stairs
D:6:      layout_rooms, portal_sewer_entry_c, nicolae_kite_square_tiling_tiny
D:7:      layout_cave_pools, lightli_corner_chamber
D:8:      layout_basic, lair_entry_dummy, ebering_ghost_rock_garden, hex_large,
          uniq_grum
D:9:      layout_loops_cross, old_standard_altar, orc_0_dummy, uniq_joseph,
          uniq_gastronok
D:10:     lemuel_slime, layout_irregular_city, mainiacjoe_overflow_big_doors
D:11:     minmay_evil_eye, layout_basic
Temple:   hellmonk_temple_divided_pantheon
Lair:1:   layout_gridlike, serial_bayou_shore_a, grunt_megastairs_2,
          serial_bayou_shore_b
Lair:2:   layout_chaotic_city
Lair:3:   layout_loops_ring, elwin_shoals_entry_rocks, spider_nest_entry_rubble,
          gauntlet_entry_generic, chequers_serial_rivers_room_a,
          chequers_serial_rivers_micro_d, lemuel_fruit_fields,
          lemuel_fruit_fields, serial_bayou_shore_b
Lair:4:   dreamdust_labyrinth, layout_loops_ring, slime_entry_2,
          lemuel_fruit_fields

Skill      XL: |  1  2  3  4  5  6  7  8  9 10 11 12 |
---------------+-------------------------------------+-----
Axes           | 4 5 6 7 8 10 12 14 16 17 | 17.5
Unarmed Combat | 1 |  1.0
Fighting       | 4 5 6 7 9 |  9.0
Armour         | 3 4 6 7 9 |  9.0
Evocations     | 1 4 6 7 |  7.2
Dodging        | 4 7 |  7.8

Action                     |  1- 3 |  4- 6 |  7- 9 | 10-12 || total
---------------------------+-------+-------+-------+-------++-------
  Melee: Hand axe          |    90 |   117 |   228 |       ||   435
         Headbutt          |    14 |    18 |    53 |    88 ||   173
         War axe           |       |       |   116 |   395 ||   511
         Punch             |       |       |     1 |     7 ||     8
         Unarmed           |       |       |       |     5 ||     5
  Throw: Dart              |       |     2 |     1 |    36 ||    39
 Invoke: Berserk           |     1 |     2 |     5 |    10 ||    18
         Trog's Hand       |     1 |     1 |     2 |     4 ||     8
  Evoke: Wand              |       |       |     1 |     9 ||    10
   Stab: Sleeping          |       |     1 |       |       ||     1
         Distracted        |       |       |       |     1 ||     1
 Armour: Animal skin       |    12 |       |       |       ||    12
         Leather armour    |     5 |    21 |       |       ||    26
         Scale mail        |       |     8 |   138 |   139 ||   285
         Acid dragon scale |       |       |       |     4 ||     4
  Dodge: Dodged            |    77 |    54 |   164 |   199 ||   494
